 Dungeon Crawl Stone Soup version 0.30.1 (webtiles) character file.

Game seed: 8050126731527843164

15598 Graphine the Basher (level 12, 0/106 HPs)
             Began as a Minotaur Fighter on July 7, 2023.
             Slain by Erica
             ... wielding a +3 scimitar of flaming
              (11 damage)
             ... on level 11 of the Dungeon.
             The game lasted 00:23:17 (11809 turns).

Graphine the Basher (Minotaur Fighter)             Turns: 11809, Time: 00:23:17

Health: 0/106      AC: -2    Str: 26    XL:     12   Next: 2%
Magic:  0/20       EV: 10    Int:  8    God:
Gold:   1136       SH:  6    Dex: 10    Spells: 11/11 levels left

rFire   . . .        E - +3 morningstar (spect)
rCold   . . .        c - +0 buckler
rNeg    . . .        v - +2 scale mail {rPois}
rPois   +            (helmet restricted)
rElec   .            P - +0 cloak
rCorr   .            (no gloves)
SInv    .            n - +0 pair of boots "Coph" {Int+3}
Will    .....        m - amulet of guardian spirit Stlth
                     J - ring of flight
HPRegen 0.37/turn    y - ring of magical power
MPRegen 0.17/turn

%: guardian spirit
@: about to teleport, corroded, flying
A: horns 2, retaliatory headbutt
a: no special abilities


You were on level 11 of the Dungeon.
You visited 2 branches of the dungeon, and saw 12 of its levels.

You collected 1136 gold pieces.

Inventory:

Hand Weapons
 a - a +2 flail
 j - a +2 dagger of venom
 E - a +3 spectral morningstar (weapon)
 L - a +1 heavy dire flail
Missiles
 f - 2 throwing nets (quivered)
Armour
 c - a +0 buckler (worn)
 e - a +0 pair of boots
 n - the +0 pair of boots "Coph" (worn) {Int+3}
   (You found it on level 3 of the Dungeon)

   Int:       It affects your intelligence (+3).
 v - a +2 scale mail of poison resistance (worn)
 I - the +5 ring mail "Vaufill" {rF+ Str+2}
   (You found it on level 9 of the Dungeon)

   Str:       It affects your strength (+2).
   rF:        It protects you from fire.
 P - a +0 cloak (worn)
Jewellery
 m - an amulet of guardian spirit (around neck)
 y - a ring of magical power (right hand)
 B - a ring of see invisible
 C - a ring of protection from cold
 J - a ring of flight (left hand)
 O - a ring of willpower
Wands
 u - a wand of polymorph (14)
 x - a wand of digging (4)
 K - a wand of mindburst (8)
 N - a wand of roots (5)
Scrolls
 k - 4 scrolls of teleportation
 l - 2 scrolls of identify
 p - a scroll of blinking
 w - a scroll of poison
 M - a scroll of fog
Potions
 b - 3 potions of degeneration {unknown}
 d - a potion of might
 g - 9 potions of curing
 h - 3 potions of haste
 i - 6 potions of heal wounds
 o - a potion of resistance {unknown}
 q - a potion of brilliance {unknown}
 r - 4 potions of mutation {unknown}
 s - a potion of experience {unknown}
 t - 3 potions of ambrosia
 z - 4 potions of flight {unknown}
 A - 2 potions of cancellation {unknown}
 D - 2 potions of magic {unknown}
 F - a potion of invisibility {unknown}
 G - a potion of lignification {unknown}
 H - a potion of berserk rage {unknown}
 Q - 2 potions of attraction {unknown}


   Skills:
 + Level 9.8 Fighting
 * Level 12.8 Maces & Flails
 + Level 8.0 Ranged Weapons
 + Level 9.8 Armour
 + Level 9.7 Shields
 + Level 8.1 Unarmed Combat


You had 11 spell levels left.
You didn't know any spells.
Your spell library contained the following spells:

 Spells                   Type           Power      Damage    Failure   Level
 Foxfire                  Conj/Fire      0%         2x1d4     69%         1
 Kiss of Death            Conj/Necr      0%         2d5       69%         1
 Sandblast                Erth           0%         2d4       69%         1
 Lesser Beckoning         Tloc           0%         N/A       83%         2
 Passwall                 Tmut/Erth      0%         N/A       83%         2
 Sublimation of Blood     Necr           0%         N/A       83%         2
 Confusing Touch          Hex            0%         N/A       96%         3
 Gell's Gravitas          Tloc           0%         N/A       96%         3
 Inner Flame              Hex/Fire       0%         N/A       96%         3
 Stone Arrow              Conj/Erth      0%         3d7       96%         3
 Teleport Other           Tloc           0%         N/A       96%         3
 Dispel Undead            Necr           0%         3d6       100%        4
 Flame Wave               Conj/Fire      0%         2d4       100%        4
 Petrify                  Tmut/Erth      0%         N/A       100%        4
 Sticky Flame             Conj/Fire      0%         2d3       100%        4
 Irradiate                Conj/Tmut      0%         3d11      100%        5


Dungeon Overview and Level Annotations

Branches:
Dungeon (11/15)            Temple (1/1) D:4            Lair (0/5) D:11
    Orc: D:9-12

Altars:
Ashenzari
Cheibriados
Dithmenos
Elyvilon
Fedhas
Gozag
Hepliaklqana
Kikubaaqudgha
Makhleb
Nemelex Xobeh
Okawaru
Qazlal
Ru
Sif Muna
Trog
Uskayaw
Vehumet
Wu Jian
Xom
Yredelemnul
Zin
The Shining One

Annotations:
D:11 Erica, Fannar, Snorg


Innate Abilities, Weirdness & Mutations

You have a pair of horns on your head.
You reflexively headbutt those who attack you in melee.


Message History

You feel strangely unstable.
You feel very sick.
A gargoyle comes into view. It is wielding a +0 dire flail.
The kobold demonologist hits you with a +1 dagger of venom.
You are more poisoned.
Fannar hits you with a staff of cold. Fannar freezes you!
You block the chaos spawn's attack. The rust devil hits you.
The rust devil corrodes you!
You can't wield that with only one hand.
You miss the kobold demonologist.
You feel very sick.
Erica hits you with a +3 scimitar of flaming!
Erica burns you.
The kobold demonologist barely misses you.
You furiously retaliate!
You headbutt the kobold demonologist! Fannar hits you with a staff of cold.
Fannar freezes you! The chaos spawn closely misses you.
You hit the kobold demonologist but do no damage.
The kobold demonologist is moderately wounded.
You feel very sick. The rust devil hits you!
* * * LOW HITPOINT WARNING * * *
The rust devil corrodes you!
The kobold demonologist hits you with a +1 dagger of venom.
* * * LOW HITPOINT WARNING * * *
Erica hits you with a +3 scimitar of flaming!
* * * LOW HITPOINT WARNING * * *
Erica burns you.
* * * LOW HITPOINT WARNING * * *
Fannar hits you with a staff of cold!
* * * LOW HITPOINT WARNING * * *
Fannar freezes you.
* * * LOW HITPOINT WARNING * * *
The chaos spawn misses you.
You feel better. The rust devil hits you.
* * * LOW HITPOINT WARNING * * *
The rust devil corrodes you!
Snorg goes berserk!
The kobold demonologist casts a spell.
Erica hits you with a +3 scimitar of flaming!
You die...

#...~~≈~.≈≈~≈ #.#
#.....~.~~≈≈≈ #.#
#...~~..~~≈≈≈ #.#
#....~....~~≈ #.#
#..........~~ ######.#
#..###[#..... .#......#
#.## #.#.###.
.....3K4####.####.#.# #.
...9T5@@e.......#.#.###.
##.####4#######.#....##.
#.# #......#.> #..
######.... ##. ##.. .#
... .# . .#


You could see Snorg (berserk), Fannar, Erica, a soul eater (summoned), a rust
devil (summoned), a kobold demonologist, a chaos spawn (summoned), a gargoyle
and a white imp (summoned).

Vanquished Creatures
  Josephine (D:11)
  3 two-headed ogres
  Lodul (D:11)
  A deep elf pyromancer (D:11)
  Maurice (D:11)
  A gargoyle (D:10)
  A kobold demonologist (D:10)
  4 trolls
  3 meliai (D:11)
  The ghost of SuvarnaParana the Cleaver, an amateur MiBe of Trog (D:4)
  A hornet (D:9)
  Sigmund (D:5)
  6 wraiths
  4 fire bats (D:8)
  Eustachio (D:4)
  18 yaks
  A steam dragon (D:7)
  Edmund (D:4)
  A water moccasin (D:7)
  A hell hound (D:8)
  Duvessa (D:4)
  2 ice beasts
  5 black bears
  2 wolves (D:11)
  8 ogres
  A centaur (D:9)
  10 kobold brigands
  2 bullfrogs
  A gnoll sergeant (D:9)
  4 wights (D:7)
  Dowan (D:4)
  12 killer bees (D:9)
  A jelly (D:7)
  A howler monkey (D:7)
  2 lava snakes (D:8)
  11 hounds
  8 orc priests
  3 iguanas
  A sleepcap (D:4)
  13 orc wizards
  10 gnolls
  6 adders
  An ufetubus (D:5)
  3 worms
  3 dart slugs
  24 orcs
  6 endoplasms
  7 giant cockroaches
  16 hobgoblins
  6 jackals (D:3)
  12 ball pythons
  5 bats
  5 frilled lizards
  11 goblins
  38 kobolds
  7 rats
  2 fire vortices (D:8)
303 creatures vanquished.

Vanquished Creatures (others)
  An orc wizard (D:7)
  A fire vortex (D:8)
2 creatures vanquished.

Grand Total: 305 creatures vanquished

Notes
Turn   | Place    | Note
-------+----------+-------------------------------------------
     0 | D:1      | Graphine the Minotaur Fighter began the quest for the Orb.
     0 | D:1      | Reached XP level 1. HP: 19/19 MP: 0/0
    96 | D:1      | Reached XP level 2. HP: 27/27 MP: 1/1
   418 | D:1      | Reached skill level 3 in Maces & Flails
   525 | D:1      | Reached XP level 3. HP: 24/33 MP: 2/2
   584 | D:1      | Found a faded altar of an unknown god.
   592 | D:1      | Got Plato's Elucidation of the Volley
  1180 | D:2      | Reached skill level 1 in Ranged Weapons
  1222 | D:2      | Found a snail-covered altar of Cheibriados.
  1306 | D:2      | Reached skill level 1 in Unarmed Combat
  1433 | D:2      | Reached XP level 4. HP: 40/40 MP: 3/3
  1724 | D:3      | Identified the +0 pair of boots "Coph" {Int+3}
  1861 | D:3      | Reached skill level 4 in Maces & Flails
  1981 | D:3      | Reached XP level 5. HP: 46/46 MP: 4/4
  2466 | D:4      | Noticed a black bear
  2474 | D:4      | Killed a black bear
  2475 | D:4      | Reached XP level 6. HP: 52/53 MP: 5/5
  2539 | D:4      | Noticed Eustachio
  2565 | D:4      | Killed Eustachio
  2566 | D:4      | Reached skill level 5 in Maces & Flails
  2571 | D:4      | Noticed Edmund
  2586 | D:5      | Entered Level 5 of the Dungeon
  2787 | D:4      | Reached XP level 7. HP: 49/60 MP: 6/6
  2854 | D:4      | Killed Edmund
  2855 | D:4      | Reached skill level 5 in Fighting
  2855 | D:4      | Reached skill level 5 in Armour
  2855 | D:4      | Reached skill level 5 in Shields
  2927 | D:4      | Found a runed translucent door.
  2927 | D:4      | Noticed SuvarnaParana's ghost (amateur MiBe)
  3041 | D:4      | Found a hazy altar of Hepliaklqana.
  3050 | D:4      | Found a glowing silver altar of Zin.
  3216 | D:4      | Noticed Duvessa
  3217 | D:4      | Noticed Dowan
  3227 | D:4      | Killed Duvessa
  3228 | D:4      | Reached skill level 6 in Maces & Flails
  3235 | D:4      | Killed Dowan
  3367 | D:4      | Found a staircase to the Ecumenical Temple.
  3654 | Temple   | Entered the Ecumenical Temple
  3924 | D:5      | Reached XP level 8. HP: 27/69 MP: 1/7
  4276 | D:5      | Noticed Sigmund
  4294 | D:5      | Killed Sigmund
  4487 | D:5      | Found a snail-covered altar of Cheibriados.
  4594 | D:5      | Reached skill level 7 in Maces & Flails
  5159 | D:4      | Killed SuvarnaParana's ghost
  5619 | D:6      | Reached skill level 8 in Maces & Flails
  5619 | D:6      | Reached XP level 9. HP: 60/78 MP: 6/8
  5735 | D:6      | Reached skill level 5 in Unarmed Combat
  5940 | D:6      | Reached skill level 5 in Ranged Weapons
  6617 | D:7      | Reached skill level 9 in Maces & Flails
  6780 | D:7      | Found the +6 shillelagh "Devastator" {shatter}
  7382 | D:7      | Found a white marble altar of Elyvilon.
  7382 | D:7      | Found a hide-covered altar of Uskayaw.
  7598 | D:8      | Reached XP level 10. HP: 61/86 MP: 9/9
  8037 | D:8      | Noticed a two-headed ogre
  8046 | D:8      | Killed a two-headed ogre
  8047 | D:8      | Reached skill level 10 in Maces & Flails
  8796 | D:9      | Identified the +5 ring mail "Vaufill" {rF+ Str+2}
  9080 | D:9      | Found a stormy altar of Qazlal.
  9336 | D:9      | Reached skill level 11 in Maces & Flails
  9488 | D:9      | Noticed a two-headed ogre
  9499 | D:9      | Killed a two-headed ogre
  9500 | D:9      | Reached XP level 11. HP: 47/95 MP: 9/10
  9516 | D:9      | Found an ornate altar of the Wu Jian Council.
  9982 | D:9      | Found a broken altar of Ashenzari.
 10279 | D:10     | Entered Level 10 of the Dungeon
 10559 | D:10     | Noticed a two-headed ogre
 10576 | D:10     | Killed a two-headed ogre
 11211 | D:11     | Noticed Lodul
 11214 | D:11     | Reached skill level 12 in Maces & Flails
 11222 | D:11     | Killed Lodul
 11294 | D:11     | Noticed a deep elf pyromancer
 11318 | D:11     | Killed a deep elf pyromancer
 11513 | D:11     | Found a staircase to the Lair.
 11519 | D:11     | Noticed Maurice
 11556 | D:11     | Killed Maurice
 11670 | D:11     | Noticed Josephine
 11677 | D:11     | Killed Josephine
 11686 | D:11     | Reached XP level 12. HP: 86/106 MP: 11/11
 11799 | D:11     | Noticed Fannar
 11800 | D:11     | Noticed Erica
 11805 | D:11     | Noticed Snorg
 11809 | D:11     | Slain by Erica

Illustrated notes

Levels and vault maps discovered:
D:1:      nagdon_arrival_zigzag_paths, layout_loops_cross,
          shapermc_ecumenical_altar_rom_forum, chequers_serial_rivers_large_a,
          st_stairs_4, dk_noncrumbling_3
D:2:      layout_loops_ring, basic_altar
D:3:      layout_rooms
D:4:      layout_basic, amethyst_overflow_temple_binary,
          lemuel_temple_firewalk_a, hellmonk_ghost_happy_afterlife,
          uniq_eustachio, uniq_edmund, uniq_duvessa
D:5:      layout_basic, kennysheep_mini, uniq_sigmund
D:6:      layout_basic, mrwooster_statue_mirror
D:7:      layout_basic, chequers_temple_overflow_statue_of_worship,
          minmay_a_box_with_orc_wizards_in_it
D:8:      layout_loops_ring, hangedman_incinerator
D:9:      layout_basic, grunt_temple_overflow_open,
          mainiacjoe_overflow_cross_hatched, minmay_misc_feat_iff
D:10:     layout_loops_ring
D:11:     layout_loops_ring, erik_lair_island, orc_0_dummy, uniq_lodul,
          uniq_erica, uniq_josephine, uniq_fannar, uniq_snorg, uniq_maurice
Temple:   jpeg_temple_clearing

Skill      XL: |  1  2  3  4  5  6  7  8  9 10 11 |
---------------+----------------------------------+-----
Maces & Flails | 3 4 5 6 8 9 11 12 | 12.8
Ranged Weapons | 1 2 3 4 5 6 8 |  8.0
Armour         | 4 5 6 7 8 9 |  9.8
Fighting       | 4 5 6 7 8 9 |  9.8
Unarmed Combat | 1 2 3 4 5 6 8 |  8.1
Shields        | 4 5 6 7 8 9 |  9.7

Action                     |  1- 3 |  4- 6 |  7- 9 | 10-12 || total
---------------------------+-------+-------+-------+-------++-------
  Melee: Flail             |    48 |     5 |   158 |       ||   211
         Headbutt          |    13 |    26 |    59 |    64 ||   162
         Dagger            |    53 |   122 |   114 |       ||   289
         Morningstar       |       |       |    28 |   356 ||   384
    Use: Scroll            |     4 |     8 |     4 |     7 ||    23
         Potion            |       |       |     3 |     3 ||     6
   Stab: Distracted        |       |       |       |     1 ||     1
 Armour: Scale mail        |    36 |    69 |   110 |   132 ||   347
  Dodge: Dodged            |    50 |    59 |   117 |   155 ||   381
  Block: Buckler           |    27 |    23 |    63 |    98 ||   211
